cohdb
Replays
Latest Replays
All Replays
Popular Replays
Top Player Replays
Match Explorer
How It Works
Community
CoH3 Stats
Reddit
Sign in to upload your games and track your stats! →
Sign in with Steam
Match 45153050
Unlisted
Match 45153050
Overview
Messages
Build Orders
End
Kettenkrad Recon Vehicle
Construct Infanterie Kompanie
Selects Terror Battlegroup
Selects Heavy Gunnery
MG 42 Machine Gun Team
Grenadier Squad
Grenadier Squad
Infanterie Officer Quarters
Medical Station
Construct Panzergrenadier Kompanie
Selects Contempt for the Weak
251 Medium Carrier
Pak 40 Anti-tank Gun Team
251 Medium Carrier
Support Elements
Medical Bunker
StuG III G Assault Gun
Nebelwerfer 42 Rocket Launcher Team
Selects Propaganda Leaflet Drop
Propaganda Leaflet Drop
StuG III G Assault Gun
Pioneer Squad
Side Skirts
MG 42 Bunker
StuG III G Assault Gun
Selects V1 Rocket Strike
Pioneer Squad
251 Medium Carrier
MG 42 Machine Gun Team
BigBoss
阿屍zombie
NervEVA
Kylen
winwinn
Jimm-e
0
0
Comments
sign in to comment!
No comments posted yet!